 Dungeon Crawl Stone Soup version 0.32-a0-643-ga006e7742e (webtiles) character file.

Game seed: 355873100629648658

37 croobank the Firebug (level 3, 0/27 HPs)
             Began as a Demigod Fire Elementalist on Mar 8, 2024.
             Slain by a ribbon worm (5 damage)
             ... on level 2 of the Dungeon.
             The game lasted 00:03:50 (1186 turns).

croobank the Firebug (Demigod Fire Elementalist)    Turns: 1186, Time: 00:03:50

Health: 0/27       AC:  3    Str:  9    XL:     3   Next: 7%
Magic:  1/8        EV: 12    Int: 21    God:
Gold:   57         SH:  0    Dex: 14    Spells: 3/6 levels left

rFire   . . .        a - +0 dagger
rCold   . . .        (no shield)
rNeg    . . .        e - +0 robe
rPois   .            c - +0 hat
rElec   .            k - +0 cloak
rCorr   .            (no gloves)
SInv    .            (no boots)
Will    .....        (no amulet)
Stlth   ++           (no ring)
HPRegen 0.24/turn    (no ring)
MPRegen 0.11/turn

%: no passive effects
@: no status effects
A: high MP 1, forlorn, divine attributes
a: no special abilities


You were on level 2 of the Dungeon.
You visited 1 branch of the dungeon, and saw 2 of its levels.

You collected 57 gold pieces.

Inventory:

Hand Weapons
 a - a +0 dagger (weapon)
 b - a +0 sling
Missiles
 d - 5 boomerangs
 l - 3 poisoned darts
 m - 2 javelins
Armour
 c - a +0 hat (worn)
 e - a +0 robe (worn)
 h - a +0 leather armour
 k - a +0 cloak (worn)
Jewellery
 f - a ring of ice
Scrolls
 i - a scroll of teleportation {unknown}
 j - a scroll of noise {unknown}
 n - 3 scrolls of blinking {unknown}
Potions
 g - a potion of mutation {unknown}
 o - a potion of magic


   Skills:
 + Level 0.6 Fighting
 + Level 2.1 Dodging
 + Level 2.1 Stealth
 + Level 2.0 Spellcasting
 + Level 1.2 Conjurations
 + Level 3.0 Fire Magic


You had 3 spell levels left.
You knew the following spells:

 Your Spells              Type           Power      Damage    Failure   Level
a - Foxfire               Conj/Fire      44%        2x1d6     6%          1
b - Scorch                Fire           28%        2d6       6%          2

Your spell library contained the following spells:

 Spells                   Type           Power      Damage    Failure   Level
 Inner Flame              Hex/Fire       8%         N/A       24%         3
 Volatile Blastmotes      Fire/Tloc      16%        2d11      24%         3
 Stone Arrow              Conj/Erth      8%         3d7       34%         3
 Flame Wave               Conj/Fire      11%        2d6       52%         4
 Animate Armour           Summ/Erth      4%         N/A       82%         4
 Lehudib's Crystal Spear  Conj/Erth      2%         10d2      100%        8


Dungeon Overview and Level Annotations

Branches:
Dungeon (1/15)


Innate Abilities, Weirdness & Mutations

You have an increased reservoir of magic. (+10% MP)
You shall have no god before yourself.
Your divine heritage dramatically boosts your attributes as you level up.


Message History

The ribbon worm is severely wounded.
The ribbon worm completely misses you.
You hit the ribbon worm.
The ribbon worm is severely wounded.
The ribbon worm misses you.
You hit the ribbon worm but do no damage.
The ribbon worm is severely wounded.
Casting: Scorch (safe; 6% risk of failure)
Confirm with . or Enter, or press ? or * to list all spells.
You don't know that spell.
You barely miss the ribbon worm.
The ribbon worm is severely wounded.
The ribbon worm closely misses you.
You hit the ribbon worm but do no damage.
The ribbon worm is severely wounded.
The ribbon worm expels a string of sticky webbing.
The stream of webbing hits you but does no damage.
You are caught in a web!
The web tears apart.
The ribbon worm is no longer more vulnerable to fire.
The ribbon worm bites you!
* * * LOW HITPOINT WARNING * * *
You hit the ribbon worm.
The ribbon worm is severely wounded.
The ribbon worm bites you.
* * * LOW HITPOINT WARNING * * *
Your magical contamination has completely faded away.
Casting: Scorch (safe; 6% risk of failure)
Confirm with . or Enter, or press ? or * to list all spells.
You don't have enough magic to cast this spell.
You aren't carrying any items that you can evoke.
You hit the ribbon worm.
The ribbon worm is severely wounded.
You hit the ribbon worm but do no damage.
The ribbon worm is severely wounded.
The ribbon worm barely misses you.
You hit the ribbon worm.
The ribbon worm is almost dead.
The ribbon worm bites you.
You die...

#.......# #
#..####.# #
#..# #....
#.####
#####..
..#### #w#
#@# #.# #.#
#.# #.##
#.#.##
#.###.###.#
..# ##....#
###.
##.##### #


You could see a ribbon worm.

Vanquished Creatures
  4 endoplasms (D:1)
  6 giant cockroaches
  3 goblins
  2 hobgoblins
  2 jackals (D:2)
  2 quokkas
  2 ball pythons (D:1)
  A bat (D:2)
  2 frilled lizards
  4 kobolds
  3 rats (D:1)
31 creatures vanquished.

Vanquished Creatures (others)
  25 foxfires
25 creatures vanquished.

Grand Total: 56 creatures vanquished

Notes
Turn   | Place    | Note
-------+----------+-------------------------------------------
     0 | D:1      | croobank the Demigod Fire Elementalist began the quest for
                  | the Orb.
     0 | D:1      | Reached XP level 1. HP: 14/14 MP: 5/5
   185 | D:1      | Reached skill level 1 in Conjurations
   312 | D:1      | Reached XP level 2. HP: 20/20 MP: 4/7
   341 | D:1      | Learned a level 2 spell: Scorch
   808 | D:1      | You fall into a shaft and drop 1 floor!
   901 | D:2      | Reached skill level 3 in Fire Magic
  1130 | D:2      | Reached XP level 3. HP: 27/27 MP: 8/8
  1186 | D:2      | Slain by a ribbon worm

Illustrated notes

Levels and vault maps discovered:
D:1:      mrwooster_arrival_statue, layout_basic, minmay_tree_intersection,
          item_on_display_b
D:2:      layout_loops_ring

Skill      XL: |  1  2 |
---------------+-------+-----
Conjurations   | 1 |  1.2
Stealth        | 2 |  2.1
Spellcasting   | 2 |  2.0
Dodging        | 2 |  2.1
Fire Magic     | 3 |  3.0
Fighting       | |  0.6

Action                     || total
---------------------------++-------
  Melee: Dagger            ||    56
   Cast: Foxfire           ||    14
         Scorch            ||    10
   Stab: Sleeping          ||     9
 Armour: Robe              ||    28
  Dodge: Dodged            ||    31

Table legend: (Time is in decaauts)
 A = Elapsed time spent in this place.
 B = Non-inter-level travel time spent in this place.
 C = Inter-level travel time spent in this place.
 D = Time resting spent in this place.
 E = Time spent auto-exploring this place.
 F = Levels seen in this place.
 G = Mean time per level.
                   A        B        C        D        E       F      G
               +--------+--------+--------+--------+--------+-----+--------+
         Total |   1185 |   1185 |      0 |    248 |    617 |   2 |  592.5 |
       Dungeon |   1185 |   1185 |      0 |    248 |    617 |   2 |  592.5 |
               +--------+--------+--------+--------+--------+-----+--------+

Top non-repeatable levels by time:
     D:1: 807 daAuts
     D:2: 377 daAuts
